 Dungeon Crawl Stone Soup version 0.23.2-40-g277498a001 (webtiles) character file.

Game seed: 17960436629387323035

931 Descartes the Skirmisher (level 8, 0/58 HPs)
             Began as an Octopode Wanderer on Oct 13, 2019.
             Slain by a centaur
             ... wielding the +3 dagger of the Sage {flame, +Inv rN++ Int-3 Dex-2}
              (9 damage)
             ... on level 5 of the Dungeon.
             The game lasted 00:09:13 (4271 turns).

Descartes the Skirmisher (Octopode Wanderer)        Turns: 4271, Time: 00:09:13

Health: 0/58       AC:  1    Str: 14    XL:     8   Next: 11%
Magic:  13/13      EV: 13    Int: 15    God:
Gold:   203        SH:  0    Dex: 10    Spells: 13/14 levels left

rFire    x x .     SeeInvis .   m - +4 quarterstaff (chaos)
rCold    + . .     Gourm    .   (shield currently unavailable)
rNeg     . . .     Faith    .   w - +0 hat "Kiadej" {+Blink +Fly rPois rF-}
rPois    +         Spirit   .   (no amulet)
rElec    .         Reflect  .   t - ring of ice
rCorr    .         Harm     .   (no ring)
MR       .....                  (no ring)
Stlth    ++++......             (no ring)
HPRegen  0.19/turn              (no ring)
MPRegen  0.13/turn              (no ring)
                                (no ring)
                                (no ring)

@: no status effects
A: almost no armour, stealthy swim, amphibious, 8 rings, constrict 8, camouflage
1, gelatinous body 1
a: Evoke Blink, Evoke Flight


You were on level 5 of the Dungeon.
You were hungry.

You visited 1 branch of the dungeon, and saw 5 of its levels.

You collected 203 gold pieces.

Inventory:

Hand Weapons
 a - a +2 spear
 b - a +0 shortbow
 e - a +0 dagger
 m - a +4 quarterstaff of chaos (weapon)
Missiles
 c - 62 arrows
 d - 5 javelins of penetration
 p - 88 stones (quivered)
Armour
 u - a +0 buckler
 w - the +0 hat "Kiadej" (worn) {+Blink +Fly rPois rF-}
   (You found it on level 4 of the Dungeon)

   It makes you vulnerable to fire.
   It protects you from poison.
   It lets you fly.
   It lets you blink.
Jewellery
 t - a ring of ice (left tentacle)
Scrolls
 g - 3 scrolls of teleportation {unknown}
 h - 3 scrolls of enchant armour {unknown}
 j - a scroll of fear {unknown}
 n - 4 scrolls of identify {unknown}
 r - 3 scrolls of remove curse {unknown}
 v - a scroll of fog {unknown}
 x - a scroll of enchant weapon {unknown}
Potions
 i - a potion of lignification {unknown}
 k - 2 potions of flight {unknown}
 l - 2 potions of ambrosia {unknown}
 o - 2 potions of haste {unknown}
 q - 2 potions of agility {unknown}
 s - a potion of curing {unknown}
Comestibles
 f - 13 rations


   Skills:
 + Level 6.4 Fighting
 + Level 2.4 Staves
 + Level 2.4 Dodging
 + Level 6.2 Stealth
 + Level 0.9 Unarmed Combat
 + Level 3.5 Spellcasting
   Level 2.0 Hexes
 + Level 3.5 Earth Magic
 + Level 1.0 Evocations


You had 13 spell levels left.
You knew the following spells:

 Your Spells              Type           Power        Failure   Level  Hunger
a - Sandblast             Erth           ##....       4%          1    None

Your spell library contained the following spells:

 Spells                   Type           Power        Failure   Level  Hunger
 Stone Arrow              Conj/Erth      #.....       26%         3    ###....


Dungeon Overview and Level Annotations

Branches:
Dungeon (5/15)
 Temple: D:4-7

Altars:
Sif Muna
Uskayaw
Vehumet

Annotations:
D:3 2 transporters, hallab's ghost, amateur DrFi


Innate Abilities, Weirdness & Mutations

You cannot wear most types of armour.
You are very stealthy in the water. (Stealth+)
You are amphibious.
You can wear up to eight rings at the same time.
You can use your tentacles to constrict eight enemies at once.
Your skin changes colour to match your surroundings (Stealth+).
Your rubbery body absorbs attacks. (AC +1, EV +1)


Message History

The centaur shoots an arrow.
The arrow barely misses you.
You sock the ball python zombie! You burn the ball python zombie.
You destroy the ball python zombie!
The centaur shoots an arrow.
The arrow closely misses you.
The centaur shoots an arrow.
The arrow hits you!
The centaur shoots an arrow.
The arrow barely misses you.
The centaur unwields a +0 shortbow.
The centaur wields the +3 dagger of the Sage {flame, +Inv rN++ Int-3 Dex-2}.
It bursts into flame!
The centaur closely misses you.
The centaur hits you with the +3 dagger of the Sage {flame, +Inv rN++ Int-3 Dex-2}!
* * * LOW HITPOINT WARNING * * *
The centaur burns you.
* * * LOW HITPOINT WARNING * * *
You hit the centaur.
The centaur is moderately wounded.
The centaur barely misses you.
You barely miss the centaur. Your squeeze misses the centaur.
The centaur is moderately wounded.
The centaur hits you with the +3 dagger of the Sage {flame, +Inv rN++ Int-3 Dex-2}!
You die...

########## #........#
#........# #####........#
###...(?.......# ....#
#(.......#
....##........#
#..#..@.....#
#.....c..### ##.......##
####/..>.... .... ....
######.........####.. ...
........#......# ##.###..
########.#......# #......
.........#.....(###.#.#.#
.........#.....##.....#.#


You could see a centaur.

Vanquished Creatures
  2 ice beasts
  Duvessa (D:4)
  2 ogres
  Dowan (D:4)
  A scorpion (D:5)
  Crazy Yiuf (D:2)
  Natasha (thrice) (D:2)
  Terence (D:2)
  3 orc wizards (D:3)
  A howler monkey skeleton (D:4)
  3 adders
  An ooze (D:3)
  A worm (D:3)
  6 dart slugs
  3 leopard geckos
  12 orcs
  13 giant cockroaches
  7 goblins
  9 hobgoblins
  3 jackals (D:3)
  2 quokkas
  A ball python zombie (D:5)
  9 bats
  7 frilled lizards
  A jackal zombie (D:4)
  6 kobolds
  8 rats
108 creatures vanquished.

Notes
Turn   | Place    | Note
-------+----------+-------------------------------------------
     0 | D:1      | Descartes the Octopode Wanderer began the quest for the
                  | Orb.
     0 | D:1      | Descartes set off with the following items: a +2 spear, a
                  | +0 shortbow, 29 arrows, a +0 dagger, a ration; and the
                  | following spell memorised: Sandblast; and the following
                  | spells available to memorise: Stone Arrow
     0 | D:1      | Reached XP level 1. HP: 18/18 MP: 2/2
    81 | D:1      | Reached XP level 2. HP: 21/24 MP: 3/3
   309 | D:1      | Reached skill level 1 in Earth Magic
   474 | D:2      | Reached XP level 3. HP: 29/29 MP: 5/5
   844 | D:2      | Found a runed translucent door.
   845 | D:2      | Noticed Crazy Yiuf
   854 | D:2      | Killed Crazy Yiuf
   854 | D:2      | Reached XP level 4. HP: 26/35 MP: 5/7
  1430 | D:2      | Noticed Terence
  1440 | D:2      | Killed Terence
  1440 | D:2      | Reached XP level 5. HP: 25/39 MP: 8/8
  1555 | D:2      | Noticed Natasha
  1559 | D:2      | Killed Natasha
  1681 | D:2      | Noticed Natasha
  1688 | D:2      | Killed Natasha
  1738 | D:2      | Noticed Natasha
  1743 | D:2      | Killed Natasha
  2103 | D:3      | Reached XP level 6. HP: 36/46 MP: 9/9
  2222 | D:3      | Identified the +9 dire flail "Gafiytef" {vamp, rN+ Dex+2}
  2222 | D:3      | Noticed hallab's ghost (amateur DrFi)
  2233 | D:3      | Found a transporter.
  2313 | D:3      | Found a deep blue altar of Sif Muna.
  2336 | D:3      | Reached skill level 5 in Stealth
  2337 | D:3      | Identified Sif Muna's Reference Book on Earth
  2452 | D:3      | Found a transporter.
  2530 | D:3      | Reached skill level 1 in Dodging
  3012 | D:4      | Reached skill level 1 in Staves
  3155 | D:4      | Noticed Duvessa
  3155 | D:4      | Noticed Dowan
  3164 | D:4      | Killed Duvessa
  3164 | D:4      | Reached XP level 7. HP: 26/52 MP: 11/11
  3168 | D:4      | Killed Dowan
  3475 | D:4      | Found a hide-covered altar of Uskayaw.
  3475 | D:4      | Noticed a +0 hand axe
  3476 | D:4      | Noticed a +0 hand axe
  3741 | D:4      | Found a radiant altar of Vehumet.
  4054 | D:4      | Got a steaming hat
  4060 | D:4      | Identified the +0 hat "Kiadej" {+Blink +Fly rPois rF-} (You
                  | found it on level 4 of the Dungeon)
  4217 | D:5      | Entered Level 5 of the Dungeon
  4243 | D:5      | Identified the +3 dagger of the Sage {flame, +Inv rN++
                  | Int-3 Dex-2}
  4252 | D:5      | Reached XP level 8. HP: 55/58 MP: 13/13
  4266 | D:5      | Reached skill level 1 in Evocations
  4271 | D:5      | Slain by a centaur

Skill      XL: |  1  2  3  4  5  6  7  8 |
---------------+-------------------------+-----
Stealth        | 3 4 5 6 |  6.2
Earth Magic    | 1 2 3 |  3.5
Spellcasting   | 2 3 |  3.5
Dodging        | 1 2 |  2.4
Staves         | 1 2 |  2.4
Fighting       | 6 |  6.4
Evocations     | 1 |  1.0
Unarmed Combat | |  0.9
Hexes          | |  2.0

Action                   |  1- 3 |  4- 6 |  7- 9 || total
-------------------------+-------+-------+-------++-------
Melee: Spear             |    86 |       |       ||    86
       Constrict         |    14 |    27 |     4 ||    45
       Tentacles         |     3 |    14 |     7 ||    24
       Quarterstaff      |       |   105 |    29 ||   134
 Abil: Evoke Blink       |       |       |     1 ||     1
 Stab: Sleeping          |    15 |    16 |     7 ||    38
       Confused          |       |       |     2 ||     2
  Eat: Chunk             |       |     7 |     3 ||    10
Armor: Skin              |     4 |     7 |     1 ||    12
Dodge: Dodged            |    36 |    68 |    19 ||   123
